 Dungeon Crawl Stone Soup version 0.30.0-19-g36f170ea60 (webtiles) character file.

Game seed: 3651423041225110945

19860 Ijustatesigmund the Fighter (level 12, 0/86 HPs)
             Began as a Gargoyle Gladiator on May 30, 2023.
             Was an Elder of Vehumet.
             Slain by a rakshasa
             ... wielding a +0 trident
              (9 damage)
             ... on level 13 of the Dungeon.
             The game lasted 00:19:33 (11433 turns).

Ijustatesigmund the Fighter (Gargoyle Gladiator)   Turns: 11433, Time: 00:19:33

Health: 0/86       AC: 24    Str: 28    XL:     12   Next: 73%
Magic:  3/3        EV: 12    Int: 17    God:    Vehumet [****..]
Gold:   1185       SH:  0    Dex: 11    Spells: 11/11 levels left

rFire   . . .        g - +7 hammer of Dismay {flame, rElec rPois SInv Stlth+}
rCold   . . .        (no shield)
rNeg    + . .        b - +0 steam dragon scales
rPois   ∞            c - +0 helmet
rElec   +            k - +0 cloak
rCorr   .            (no gloves)
SInv    +            y - +0 pair of boots
Will    .....        (no amulet)
Stlth   ++           A - ring "Isoan" {MP-9 AC+4 Str+3 Int+4}
HPRegen 0.34/turn    j - +6 ring of strength
MPRegen 0.08/turn

%: no passive effects
@: no status effects
A: sickness immunity, AC +8, negative energy resistance 1, electricity
resistance, torment resistance 1, petrification resistance
a: Renounce Religion


You were on level 13 of the Dungeon.
You worshipped Vehumet.
Vehumet was greatly pleased with you.
You visited 2 branches of the dungeon, and saw 14 of its levels.
You also visited: Ossuary.

You collected 1559 gold pieces.
You spent 374 gold pieces at shops.

Inventory:

Hand Weapons
 a - a +0 morningstar of draining
 g - the +7 hammer of Dismay (weapon) {flame, rElec rPois SInv Stlth+}
   (You found it on level 2 of the Dungeon)

   rElec:     It insulates you from electricity.
   rPois:     It protects you from poison.
   SInv:      It lets you see invisible.
   Stlth:     It makes you more stealthy.
 I - a +3 dire flail
Missiles
 d - 5 throwing nets (quivered)
 e - a javelin
 z - 4 curare-tipped darts
Armour
 b - +0 steam dragon scales (worn)
 c - a +0 helmet (worn)
 k - a +0 cloak (worn)
 y - a +0 pair of boots (worn)
Jewellery
 i - a +6 ring of intelligence
 j - a +6 ring of strength (right hand)
 A - the ring "Isoan" (left hand) {MP-9 AC+4 Str+3 Int+4}
   (You found it on level 7 of the Dungeon)

   [ring of protection]

   AC:        It affects your AC (+4).
   Str:       It affects your strength (+3).
   Int:       It affects your intelligence (+4).
   MP:        It affects your magic capacity (-9).
 B - a ring of fire
 F - a ring of flight
 P - a +5 ring of evasion
 Q - a ring of ice
 R - a ring of willpower
Wands
 p - a wand of polymorph (21)
 C - a wand of paralysis (9)
 G - a wand of roots (16)
 N - a wand of flame (24)
 T - a wand of mindburst (4)
Scrolls
 h - a scroll of torment {unknown}
 m - 6 scrolls of teleportation
 o - a scroll of amnesia
 s - 2 scrolls of vulnerability {unknown}
 u - 2 scrolls of magic mapping
 D - 3 scrolls of identify
 E - a scroll of poison
 J - a scroll of enchant weapon
 L - a scroll of fog
 O - a scroll of enchant armour {unknown}
 S - a scroll of silence {unknown}
 U - 2 scrolls of blinking
Potions
 f - 8 potions of curing
 l - 5 potions of mutation
 n - 3 potions of ambrosia
 q - a potion of heal wounds
 r - 6 potions of brilliance
 t - 2 potions of invisibility
 v - 2 potions of lignification
 w - 2 potions of haste {unknown}
 x - 2 potions of flight
 H - a potion of magic {unknown}
Miscellaneous
 M - a phantom mirror


   Skills:
 + Level 14.5 Fighting
 + Level 13.6 Maces & Flails
 - Level 1.7 Throwing
 - Level 9.9 Armour
 - Level 2.4 Dodging


You had 11 spell levels left.
You didn't know any spells.
Your spell library contained the following spells:

 Spells                   Type           Power      Damage    Failure   Level
 Arcjolt                  Conj/Air       0%         1d10      82%         5
 Kiss of Death            Conj/Necr      0%         2d5       7%          1
 Frozen Ramparts          Ice            0%         1d1       17%         3
 Ignite Poison            Fire/Tmut/Pois 0%         N/A       17%         3
 Inner Flame              Hex/Fire       0%         N/A       17%         3
 Sting                    Tmut/Pois      0%         1d3       24%         1
 Olgreb's Toxic Radiance  Pois           0%         N/A       50%         4
 Confusing Touch          Hex            0%         N/A       56%         3
 Freezing Cloud           Conj/Ice/Air   0%         6-21      82%         5
 Yara's Violent Unravell  Hex/Tmut       0%         3d3       82%         5
 Animate Armour           Summ/Erth      0%         N/A       93%         4
 Animate Dead             Necr           0%         N/A       93%         4
 Dispel Undead            Necr           0%         3d6       93%         4
 Ice Form                 Ice/Tmut       0%         N/A       93%         4
 Summon Ice Beast         Ice/Summ       0%         N/A       93%         4
 Alistair's Intoxication  Tmut/Pois      0%         N/A       100%        5
 Blade Hands              Tmut           0%         N/A       100%        5
 Borgnjor's Vile Clutch   Necr/Erth      0%         N/A       100%        5
 Death Channel            Necr           0%         N/A       100%        6
 Iron Shot                Conj/Erth      0%         9d1       100%        6
 Enfeeble                 Hex            0%         N/A       100%        7
 Cigotuvi's Dreadful Rot  Necr/Pois/Air  Unusable   N/A       N/A         2

Dungeon Overview and Level Annotations

Branches:
Dungeon (13/15)            Temple (1/1) D:5            Lair (0/5) D:8
    Orc (0/2) D:11        Ossuary (visited)
 Vaults: D:13-14

Altars:
Ashenzari
Cheibriados
Dithmenos
Elyvilon
Fedhas
Gozag
Hepliaklqana
Kikubaaqudgha
Makhleb
Nemelex Xobeh
Okawaru
Qazlal
Ru
Sif Muna
Trog
Uskayaw
Vehumet
Wu Jian
Xom
Yredelemnul
Zin
The Shining One

Shops:
D:12 *


Innate Abilities, Weirdness & Mutations

You are immune to sickness and miasma.
Your stone body is resilient. (AC +8)
You are immune to poison.
You resist negative energy. (rN+)
You are resistant to electric shocks. (rElec)
You are resistant to unholy torment.
You are immune to petrification.


Message History

Aim: a rakshasa, wielding a +0 trident and wearing a +0 robe (moderately wounded, chance to affect: 0%)
The rakshasa resists with almost no effort.
Aiming: Paralyse
Press: ? - help, Shift-Dir - straight line, f/p - rakshasa
Aim: a rakshasa, wielding a +0 trident and wearing a +0 robe (moderately wounded, chance to affect: 0%)
The rakshasa resists with almost no effort.
Aiming: Paralyse
Press: ? - help, Shift-Dir - straight line, f/p - rakshasa
Aim: a rakshasa, wielding a +0 trident and wearing a +0 robe (moderately wounded, chance to affect: 0%)
Okay, then.
Aiming: Mindburst
Press: ? - help, Shift-Dir - straight line, f/p - rakshasa
Aim: a rakshasa, wielding a +0 trident and wearing a +0 robe (moderately wounded, chance to affect: 0%)
The rakshasa resists with almost no effort.
Aiming: Mindburst
Press: ? - help, Shift-Dir - straight line, f/p - rakshasa
Aim: a rakshasa, wielding a +0 trident and wearing a +0 robe (moderately wounded, chance to affect: 0%)
The rakshasa resists with almost no effort.
The rakshasa barely misses you.
You closely miss the rakshasa.
The rakshasa is moderately wounded.
The rakshasa barely misses you.
You closely miss the rakshasa.
The rakshasa is moderately wounded.
You hit the rakshasa. You burn the rakshasa.
The rakshasa is heavily wounded.
The rakshasa hits you with a +0 trident!
* * * LOW HITPOINT WARNING * * *
You thump the rakshasa! You burn the rakshasa.
The rakshasa is severely wounded.
The injured rakshasa weaves a defensive illusion!
The rakshasa closely misses you.
The rakshasa hits you with a +0 trident!
* * * LOW HITPOINT WARNING * * *
You hit the rakshasa. You burn the rakshasa.
The rakshasa is severely wounded.
The rakshasa hits you from afar with a +0 trident.
* * * LOW HITPOINT WARNING * * *
The rakshasa hits you from afar with a +0 trident!
You die...

##..................##..
##........#..............
#......................##
##.......................
###.........#.#....#......
.##........#................
...........#..........#.....
..........#.........#.#.....
................@...........
.................RR.........
................R.†.........
............................
............................
..............$.............
............................
............................
............................


You could see 3 rakshasas.

Vanquished Creatures
  2 hydras (D:13)
  3 centaur warriors (D:13)
  A boulder beetle (D:13)
  3 two-headed ogres
  The ghost of ymhsbmbesitwf the Basher, a novice FoMo (D:7)
  Lodul (D:12)
  A deep elf pyromancer (D:12)
  2 cyclopes
  A manticore (D:11)
  3 kobold demonologists (D:12)
  A komodo dragon (D:11)
  2 trolls
  A queen bee (D:9)
  Grinder (D:4)
  2 wyverns
  22 yaks
  2 wraiths (D:12)
  A steam dragon (D:9)
  8 vampire mosquitoes
  2 acid dragons (D:10)
  5 water moccasins
  3 ice beasts (D:7)
  2 sky beasts (D:8)
  An orc warrior (D:8)
  11 ogres
  7 centaurs
  A phantom (D:4)
  A kobold brigand (D:7)
  4 bullfrogs
  A scorpion (D:6)
  8 wights
  13 killer bees (D:9)
  A howler monkey (D:4)
  5 hounds
  A wyvern simulacrum (D:7)
  Crazy Yiuf (D:2)
  2 orc priests
  A gnoll bouda (D:7)
  4 jellies
  A sleepcap (D:7)
  Jessica (D:3)
  4 iguanas
  5 orc wizards
  Terence (D:2)
  A centaur simulacrum (D:7)
  8 mummies (Ossuary)
  A killer bee simulacrum (D:7)
  8 gnolls
  6 adders
  4 white imps
  A howler monkey simulacrum (D:7)
  An ufetubus (D:6)
  A worm (D:3)
  4 dart slugs
  22 orcs
  4 ball pythons
  7 bats
  2 endoplasms
  5 giant cockroaches
  10 goblins
  6 hobgoblins
  8 jackals
  2 quokkas
  4 frilled lizards
  3 hobgoblin zombies (Ossuary)
  19 kobolds
  4 kobold zombies (Ossuary)
  An orc zombie (Ossuary)
  7 rats
283 creatures vanquished.

Notes
Turn   | Place    | Note
-------+----------+-------------------------------------------
     0 | D:1      | Ijustatesigmund the Gargoyle Gladiator began the quest for
                  | the Orb.
     0 | D:1      | Reached XP level 1. HP: 12/12 MP: 1/1
    28 | D:1      | You fall into a shaft and drop 1 floor!
   118 | D:2      | Reached XP level 2. HP: 18/18 MP: 2/2
   251 | D:1      | Reached skill level 3 in Fighting
   272 | D:1      | Reached XP level 3. HP: 23/23 MP: 3/3
   769 | D:2      | Noticed Terence
   799 | D:2      | Killed Terence
   800 | D:2      | Reached skill level 1 in Armour
   800 | D:2      | Reached XP level 4. HP: 10/28 MP: 4/4
  1188 | D:2      | Found a runed translucent door.
  1189 | D:2      | Noticed Crazy Yiuf
  1191 | D:2      | Identified the +7 hammer of Dismay {flame, rElec rPois SInv
                  | Stlth+}
  1199 | D:2      | Killed Crazy Yiuf
  1695 | D:3      | Reached XP level 5. HP: 30/33 MP: 5/5
  1929 | D:3      | Noticed Jessica
  1938 | D:3      | Killed Jessica
  1939 | D:3      | Reached skill level 4 in Fighting
  2031 | D:4      | Reached XP level 6. HP: 37/39 MP: 6/6
  2079 | D:4      | Noticed Grinder
  2080 | D:4      | Found a sand-covered staircase.
  2084 | D:4      | Paralysed by Grinder for 2 turns
  2090 | D:4      | Killed Grinder
  2091 | D:4      | Reached skill level 5 in Fighting
  2091 | D:4      | Reached skill level 5 in Maces & Flails
  2091 | D:4      | Reached XP level 7. HP: 28/44 MP: 7/7
  2101 | Ossuary  | Entered an ossuary
  2953 | D:5      | Entered Level 5 of the Dungeon
  2955 | D:5      | Found a staircase to the Ecumenical Temple.
  2964 | D:5      | Reached skill level 6 in Fighting
  2964 | D:5      | Reached XP level 8. HP: 47/51 MP: 8/8
  2969 | Temple   | Entered the Ecumenical Temple
  3158 | Temple   | Became a worshipper of Vehumet
  3191 | D:5      | Reached skill level 5 in Armour
  3648 | D:5      | Identified the +4 short sword of the Fray {holy, rC- MP+9
                  | Str+5}
  4157 | D:6      | Found a shimmering blue altar of Sif Muna.
  4252 | D:6      | Reached skill level 7 in Fighting
  4679 | D:6      | Found a snail-covered altar of Cheibriados.
  4903 | D:6      | Reached XP level 9. HP: 57/57 MP: 9/9
  4974 | D:7      | Reached * piety under Vehumet
  4974 | D:7      | Offered knowledge of Shock by Vehumet.
  5205 | D:7      | Found a runed translucent gate.
  5205 | D:7      | Found a runed translucent gate.
  5205 | D:7      | Found a runed translucent gate.
  5207 | D:7      | Noticed ymhsbmbesitwf's ghost (novice FoMo)
  5223 | D:7      | Reached skill level 8 in Fighting
  5240 | D:7      | Killed ymhsbmbesitwf's ghost
  5569 | D:7      | Identified the ring "Isoan" {MP-9 AC+4 Str+3 Int+4}
  5579 | D:7      | Found an opulent altar of Gozag.
  5616 | D:7      | Reached skill level 9 in Fighting
  5753 | D:7      | Reached XP level 10. HP: 66/66 MP: 1/10
  5907 | D:8      | Reached ** piety under Vehumet
  5911 | D:8      | Offered knowledge of Searing Ray by Vehumet.
  6253 | D:8      | Found a staircase to the Lair.
  6405 | D:8      | Offered knowledge of Hailstorm by Vehumet.
  6427 | D:8      | Identified the +0 leather armour of the Hidden Vale {rN+}
  7008 | D:9      | Noticed a two-headed ogre
  7024 | D:9      | Reached *** piety under Vehumet
  7028 | D:9      | Killed a two-headed ogre
  7029 | D:9      | Reached skill level 10 in Fighting
  7291 | D:9      | Reached skill level 10 in Maces & Flails
  7524 | D:9      | Reached XP level 11. HP: 59/73 MP: 2/11
  7527 | D:9      | Offered knowledge of Flame Wave by Vehumet.
  7544 | D:9      | Reached skill level 11 in Fighting
  7715 | D:10     | Entered Level 10 of the Dungeon
  7721 | D:10     | Noticed a two-headed ogre
  7728 | D:10     | Killed a two-headed ogre
  8352 | D:10     | Reached **** piety under Vehumet
  8360 | D:10     | Offered knowledge of Arcjolt by Vehumet.
  8361 | D:10     | Reached skill level 12 in Fighting
  8617 | D:10     | Found a sparkling altar of Nemelex Xobeh.
  8623 | D:10     | Found a white marble altar of Elyvilon.
  8624 | D:10     | Found an ornate altar of the Wu Jian Council.
  9064 | D:11     | Found a sacrificial altar of Ru.
  9103 | D:11     | Found a staircase to the Orcish Mines.
  9149 | D:11     | Noticed a cyclops
  9158 | D:11     | Killed a cyclops
  9502 | D:11     | Noticed a manticore
  9509 | D:11     | Killed a manticore
  9865 | D:12     | Noticed a deep elf pyromancer
  9874 | D:12     | Killed a deep elf pyromancer
  9948 | D:12     | Reached skill level 13 in Fighting
  9948 | D:12     | Reached XP level 12. HP: 79/84 MP: 3/12
 10251 | D:12     | Noticed Lodul
 10284 | D:12     | Killed Lodul
 10374 | D:12     | Found Pugyhal's Serpentskin Sales.
 10380 | D:12     | Bought the Precepts of the Snake for 374 gold pieces
 10578 | D:13     | Noticed a centaur warrior
 10590 | D:13     | Killed a centaur warrior
 10665 | D:13     | Noticed a two-headed ogre
 10674 | D:13     | Killed a two-headed ogre
 10834 | D:13     | Noticed a centaur warrior
 10839 | D:13     | Noticed a centaur warrior
 10839 | D:13     | Noticed a five-headed hydra
 10842 | D:13     | Noticed a boulder beetle
 10847 | D:13     | Killed a centaur warrior
 10848 | D:13     | Reached skill level 14 in Fighting
 10855 | D:13     | Killed a five-headed hydra
 10864 | D:13     | Killed a centaur warrior
 10871 | D:13     | Killed a boulder beetle
 11054 | D:13     | Noticed a five-headed hydra
 11056 | D:13     | Noticed a rakshasa
 11417 | D:13     | Killed a five-headed hydra
 11433 | D:13     | Slain by a rakshasa

Illustrated notes

Levels and vault maps discovered:
D:1:      sevenhm_arrival_forest_fort_small_4, layout_basic
D:2:      layout_loops_ring, ebering_dispersal_statue_hall, minivault_26,
          uniq_crazy_yiuf_cottage, uniq_terence
D:3:      layout_rooms, uniq_jessica
D:4:      layout_rooms, enter_ossuary_1, minmay_starry_boxes, uniq_grinder
D:5:      layout_basic, temple_fountains
D:6:      layout_basic, marbit_many_paths, led_sif_book
D:7:      layout_basic, overflow_temple_1_default, gammafunk_ghost_icy
D:8:      layout_basic, dpeg_oklobed_lair
D:9:      layout_loops_ring, nicolae_looking_at_the_future
D:10:     layout_roguey, gammafunk_temple_overflow_forgotten, feat_on_display
D:11:     layout_irregular_city, orc_0_dummy, nicolae_ru_awakened_eye
D:12:     layout_long_grid, guppyfry_shop_venom, uniq_lodul
D:13:     layout_cross, grunt_ministairs_11
Temple:   regret_index_temple_sphere_string

Skill      XL: |  1  2  3  4  5  6  7  8  9 10 11 12 |
---------------+-------------------------------------+-----
Fighting       | 3 4 5 6 7 9 10 13 14 | 14.5
Armour         | 1 2 3 4 6 8 9 |  9.9
Maces & Flails | 4 5 6 7 8 10 12 13 | 13.6
Throwing       | |  1.7
Dodging        | |  2.4

Action                     |  1- 3 |  4- 6 |  7- 9 | 10-12 || total
---------------------------+-------+-------+-------+-------++-------
  Melee: Flail             |    61 |       |       |       ||    61
         Whip              |    74 |    12 |       |       ||    86
         Mace              |       |    58 |   268 |   476 ||   802
         Punch             |       |       |     3 |    12 ||    15
  Throw: Throwing net      |     4 |       |       |       ||     4
  Evoke: Wand              |       |       |     2 |     8 ||    10
    Use: Potion            |     4 |       |     1 |     3 ||     8
         Scroll            |       |     3 |     6 |     7 ||    16
   Stab: Held in net/web   |     2 |       |       |       ||     2
         Sleeping          |       |       |       |     6 ||     6
         Invisible         |       |       |       |     8 ||     8
 Armour: Leather armour    |    43 |       |       |       ||    43
         Plate armour      |    31 |    32 |   201 |   133 ||   397
         Steam dragon scal |       |       |       |   233 ||   233
  Dodge: Dodged            |    80 |    13 |   106 |   289 ||   488
